 Dungeon Crawl Stone Soup version 0.30-a0-1053-gbd8d5ba0ad (webtiles) character file.

Game seed: 11275320734641355254

1968334 Zeldest the Victor of a Thousand Battles (level 27, 240/263 HPs)
             Began as an Armataur Fighter on Apr 11, 2023.
             Was the Champion of Okawaru.
             Escaped with the Orb
             ... and 3 runes!
             The game lasted 01:52:19 (56340 turns).

Zeldest the Victor of a Thousand Battles (AtFi)    Turns: 56340, Time: 01:52:20

Health: 240/263    AC: 52    Str: 33    XL:     27
Magic:  32/32      EV:  7    Int: 17    God:    Okawaru [******]
Gold:   2825       SH: 35    Dex: 12    Spells: 26/26 levels left

rFire   + + .      SeeInvis +    b - +6 broad axe (vamp)
rCold   + + .      Faith    .    G - +8 tower shield {rN+}
rNeg    + + .      Spirit   .    u - +11 gold dragon scales
rPois   +          Reflect  +    j - +3 crown of Dyrovepreva {rElec Int+2 SInv}
rElec   +          Roll     +    X - +2 cloak "Tuymoe" {*Slow +Blink Will++}
rCorr   +                        Z - +0 pair of fencer's gloves {Riposte Dex+3}
Will    +++++                    W - +1 barding of Gluttony {Will+ Str+2} Stlth
                                 i - amulet of reflection
HPRegen 0.63/turn                w - ring "Caynez" {rC+ rN+ rCorr Int+3}
MPRegen 0.23/turn                O - ring of Zin, Inviting {rF+ Slay+3}

@: studying 2 skills
A: large, rugged brown scales 3, deformed body, armoured tail, roll, long
tongue, awkward tongue, horns 1, stinger 1, low MP 2, sense surroundings 1,
poison resistance, weak 1, wild magic 1
0: Orb of Zot
}: 3/15 runes: decaying, serpentine, silver
a: Renounce Religion, Evoke Blink, Heroism, Finesse, Duel


You escaped.
You worshipped Okawaru.
Okawaru was exalted by your worship.
You visited 9 branches of the dungeon, and saw 47 of its levels.
You visited the Abyss 1 time.
You visited 1 bazaar.
You also visited: Sewer, Bailey, Wizlab and Desolation.

You collected 9096 gold pieces.
You spent 6271 gold pieces at shops.

Inventory:

Hand Weapons
 a - a +9 broad axe of venom
 b - a +6 vampiric broad axe (weapon)
Missiles
 K - 2 throwing nets (quivered)
Armour
 j - the +3 crown of Dyrovepreva (worn) {rElec Int+2 SInv}
   (You found it on level 5 of the Vaults)

   Int:       It affects your intelligence (+2).
   rElec:     It insulates you from electricity.
   SInv:      It lets you see invisible.
 u - +11 gold dragon scales (worn)
 G - a +8 tower shield of positive energy (worn)
 J - the +4 barding "Mawaigan" {*Slow rElec Regen+ Stlth-}
   (Okawaru gifted it to you on level 5 of the Vaults)

   rElec:     It insulates you from electricity.
   Regen:     It increases your rate of health regeneration.
   *Slow:     It may slow you when you take damage.
   Stlth:     It makes you less stealthy.
 N - the +2 ratskin cloak {*Rats rPois rN+ Str-1 Int-1 Dex+1}
   (You found it on level 6 of the Dungeon)

   *Rats:     When the wearer is hurt, rats may emerge from it to assist them.
   Str:       It affects your strength (-1).
   Int:       It affects your intelligence (-1).
   Dex:       It affects your dexterity (+1).
   rPois:     It protects you from poison.
   rN:        It protects you from negative energy.
 Q - the +4 dragonskin cloak
   (You took it off Tiamat on level 1 of the Realm of Zot)

   Avatar's Aegis: It grants the wearer a chance to resist fire, cold, poison,
   electricity, acid, and negative energy.
 T - the +11 shadow dragon scales of Narcissism {rF+ Str+5 Stlth++++}
   (Okawaru gifted it to you on level 14 of the Dungeon)

   Str:       It affects your strength (+5).
   rF:        It protects you from fire.
   Stlth:     It makes you much more stealthy.
 W - the +1 barding of Gluttony (worn) {Will+ Str+2}
   (Okawaru gifted it to you on level 1 of the Realm of Zot)

   Str:       It affects your strength (+2).
   Will:      It increases your willpower.
 X - the +2 cloak "Tuymoe" (worn) {*Slow +Blink Will++}
   (You acquired it on level 2 of the Swamp)

   +Blink:    It lets you blink.
   *Slow:     It may slow you when you take damage.
   Will:      It greatly increases your willpower.
 Z - the +0 pair of fencer's gloves (worn) {Riposte Dex+3}
   (You acquired it on level 3 of the Vaults)

   Riposte:   It allows the wearer to riposte with melee weapons, swiftly
   retaliating against missed or blocked melee attacks.
   Dex:       It affects your dexterity (+3).
Jewellery
 i - an amulet of reflection (around neck)
 l - the ring of the Oligarchy {*Corrode Fly rElec rC+ SInv}
   (You found it in the Desolation of Salt)

   [ring of protection from cold]

   rC:        It protects you from cold.
   rElec:     It insulates you from electricity.
   SInv:      It lets you see invisible.
   Fly:       It grants you flight.
   *Corrode:  It may corrode you when you take damage.
 o - the ring of the Witching Fool {rCorr AC+4}
   (You found it in the Desolation of Salt)

   [ring of protection]

   AC:        It affects your AC (+4).
   rCorr:     It protects you from acid and corrosion.
 w - the ring "Caynez" (left hand) {rC+ rN+ rCorr Int+3}
   (You took it off a deep elf death mage on level 3 of the Elven Halls)

   [ring of positive energy]

   Int:       It affects your intelligence (+3).
   rC:        It protects you from cold.
   rN:        It protects you from negative energy.
   rCorr:     It protects you from acid and corrosion.
 O - the ring of Zin, Inviting (right hand) {rF+ Slay+3}
   (You bought it in a shop on level 4 of the Vaults)

   [ring of protection from fire]

   Slay:      It affects your accuracy & damage with ranged weapons and melee
   (+3).
   rF:        It protects you from fire.
 U - the macabre finger necklace {Finger+ rN+}
   (You found it on level 5 of the Vaults)

   [amulet of nothing]

   Finger+:   It enables you to equip an extra ring.
   rN:        It protects you from negative energy.
 V - the ring "Taub" {Ice rN+ Will+}
   (You acquired it on level 1 of the Lair of Beasts)

   [ring of ice]

   It enhances your ice magic.
   rF:        It makes you vulnerable to fire.
   rC:        It protects you from cold.
   rN:        It protects you from negative energy.
   Will:      It increases your willpower.
 Y - the ring "Puebuf" {Ice rPois rCorr Int-2 SInv}
   (You bought it in a shop on level 3 of the Snake Pit)

   [ring of ice]

   It enhances your ice magic.
   Int:       It affects your intelligence (-2).
   rF:        It makes you vulnerable to fire.
   rC:        It protects you from cold.
   rPois:     It protects you from poison.
   SInv:      It lets you see invisible.
   rCorr:     It protects you from acid and corrosion.
Wands
 t - a wand of quicksilver (42)
 C - a wand of digging (13)
 P - a wand of roots (36)
 R - a wand of paralysis (29)
Scrolls
 c - 10 scrolls of immolation
 h - 6 scrolls of noise
 k - 11 scrolls of fear
 r - 2 scrolls of silence
 s - 12 scrolls of blinking
 y - 13 scrolls of fog
 E - 11 scrolls of poison
 F - 35 scrolls of teleportation
 I - 2 scrolls of magic mapping
Potions
 d - 6 potions of might
 e - 4 potions of magic
 f - 23 potions of curing
 g - 16 potions of mutation
 m - 2 potions of ambrosia
 n - 11 potions of flight
 q - 3 potions of invisibility
 v - 7 potions of heal wounds
 x - 5 potions of resistance
 z - 3 potions of cancellation
 A - 4 potions of haste
 B - 2 potions of lignification
 D - 4 potions of berserk rage
 L - 8 potions of attraction
 M - 9 potions of brilliance
Miscellaneous
 p - a tin of tremorstones (2/2)
 S - a condenser vane


   Skills:
 + Level 20.1 Fighting
 - Level 18.0 Axes
 + Level 25.1 Armour
 + Level 11.5 Dodging
 + Level 22.1 Shields
 O Level 27 Invocations


You had 26 spell levels left.
You didn't know any spells.
Your spell library contained the following spells:

 Spells                   Type           Power      Damage    Failure   Level
 Apportation              Tloc           0%         N/A       92%         1
 Foxfire                  Conj/Fire      0%         2x1d4     92%         1
 Kiss of Death            Conj/Necr      0%         2d5       92%         1
 Magic Dart               Conj           0%         1d3       92%         1
 Necrotise                Necr           0%         1d4       92%         1
 Sandblast                Erth           0%         2d4       92%         1
 Shock                    Conj/Air       0%         1d3       92%         1
 Blink                    Tloc           0%         N/A       97%         2
 Lesser Beckoning         Tloc           0%         N/A       97%         2
 Momentum Strike          Conj/Tloc      0%         3d8       97%         2
 Passwall                 Tmut/Erth      0%         N/A       97%         2
 Searing Ray              Conj           0%         2d4       97%         2
 Static Discharge         Conj/Air       0%         2-2/arc   97%         2
 Confusing Touch          Hex            0%         N/A       100%        3
 Gell's Gravitas          Tloc           0%         N/A       100%        3
 Ignite Poison            Fire/Tmut/Pois 0%         N/A       100%        3
 Inner Flame              Hex/Fire       0%         N/A       100%        3
 Mephitic Cloud           Conj/Pois/Air  0%         N/A       100%        3
 Ozocubu's Armour         Ice            0%         N/A       100%        3
 Stone Arrow              Conj/Erth      0%         3d7       100%        3
 Swiftness                Air            0%         N/A       100%        3
 Teleport Other           Tloc           0%         N/A       100%        3
 Vampiric Draining        Necr           0%         2d6       100%        3
 Volatile Blastmotes      Fire/Tloc      0%         2d10      100%        3
 Airstrike                Air            0%         2d(0-16)  100%        4
 Cause Fear               Hex            0%         N/A       100%        4
 Dispel Undead            Necr           0%         3d6       100%        4
 Flame Wave               Conj/Fire      0%         2d4       100%        4
 Fulminant Prism          Conj/Hex       0%         3d5       100%        4
 Iskenderun's Mystic Bla  Conj/Tloc      0%         2d3       100%        4
 Leda's Liquefaction      Hex/Erth       0%         N/A       100%        4
 Manifold Assault         Tloc           0%         N/A       100%        4
 Sticky Flame             Conj/Fire      0%         2d3       100%        4
 Agony                    Necr           0%         N/A       100%        5
 Alistair's Intoxication  Tmut/Pois      0%         N/A       100%        5
 Blade Hands              Tmut           0%         N/A       100%        5
 Borgnjor's Vile Clutch   Necr/Erth      0%         N/A       100%        5
 Fireball                 Conj/Fire      0%         3d3       100%        5
 Iskenderun's Battlesphe  Conj           0%         2d6       100%        5
 Lee's Rapid Deconstruct  Erth           0%         3d4*      100%        5
 Silence                  Hex/Air        0%         N/A       100%        5
 Yara's Violent Unravell  Hex/Tmut       0%         3d3       100%        5
 Conjure Ball Lightning   Conj/Air       0%         3x3d6     100%        6
 Dispersal                Tloc           0%         N/A       100%        6
 Eringya's Noxious Bog    Tmut/Pois      0%         N/A       100%        6
 Iron Shot                Conj/Erth      0%         9d1       100%        6
 Plasma Beam              Fire/Air       0%         2x1d11    100%        6
 Starburst                Conj/Fire      0%         6d3       100%        6
 Statue Form              Tmut/Erth      0%         N/A       100%        6
 Dragon Form              Tmut           0%         N/A       100%        7
 Enfeeble                 Hex            0%         N/A       100%        7
 Orb of Destruction       Conj           0%         9d5       100%        7
 Ozocubu's Refrigeration  Ice            0%         4d7       100%        7
 Storm Form               Tmut/Air       0%         N/A       100%        7
 Fire Storm               Conj/Fire      0%         5d1       100%        9
 Summon Guardian Golem    Hex/Summ       Unusable   N/A       N/A         3
 Animate Armour           Summ/Erth      Unusable   N/A       N/A         4
 Summon Lightning Spire   Summ/Air       Unusable   N/A       N/A         4
 Summon Mana Viper        Hex/Summ       Unusable   N/A       N/A         5
 Dragon's Call            Summ           Unusable   N/A       N/A         9

Dungeon Overview and Level Annotations

Branches:
Dungeon (15/15)            Temple (0/1) D:5            Lair (5/5) D:10
  Swamp (4/4) Lair:3        Snake (4/4) Lair:3        Slime (0/5) Lair:5
    Orc (2/2) D:10            Elf (3/3) Orc:2        Vaults (5/5) D:13
  Crypt (0/3) Vaults:3     Depths (4/4) D:15            Zot (5/5) Depths:4
  Sewer (visited)          Bailey (visited)          WizLab (visited)
Desolation (visited)

Altars:
Cheibriados
Dithmenos
Elyvilon
Gozag
Makhleb
Okawaru
Qazlal
Sif Muna
Trog
Vehumet
Xom
Yredelemnul
Zin
The Shining One
Jiyva
Lugonu

Shops:
D:15 *   Orc:1 [   Orc:2 *::[   Elf:3 (=[   Snake:3 :==[   Vaults:3 :
Vaults:4 =[!:   Vaults:5 ??   Depths:1 *!*[::(=   Depths:3 [   Depths:4 :

Portals:
Hell: Depths:1 Depths:2 Depths:3 Depths:4
Abyss: Lair:5 Depths:2 Depths:3*
Pandemonium: Depths:2
Ziggurat: Depths:1
Trove: Depths:3 (give 7 scrolls of fear)

Annotations:
D:9 3 runed translucent doors
Swamp:2 1 runed translucent door, Hily's ghost, journeyman FeSu
Elf:2 3 runed translucent doors
Vaults:3 3 runed translucent doors, Qecvurom's ghost, adept DrRe
Vaults:4 1 runed translucent door, Vogeir's ghost, veteran HuIE


Innate Abilities, Weirdness & Mutations

You are completely covered in rugged brown scales. (AC +3, +7% HP)
Armour fits poorly on your strangely shaped body.
You have a long armoured tail.
You roll when moving toward enemies. (Rampage)
Your long tongue fully drains potion bottles. (2x potion effects)
Your tongue gives you trouble enunciating. (1.5x scroll delay)
You have a pair of small horns on your head.
Your tail ends in a venomous barb.
Your magical capacity is very low. (-20% MP)
You passively map a small area around you.
Your system is resistant to poisons. (rPois)
You are weak. (Str -2)
Your spells are a little harder to cast, but a little more powerful.


Message History

The hellwing is heavily wounded.
You slice the hellwing!!
You kill the hellwing!
Okawaru accepts your kill.
An Orb Guardian comes into view.
You roll towards the Orb Guardian!
You block the Orb Guardian's attack.
You barely miss the Orb Guardian. Your headbutt misses the Orb Guardian.
Your tail-slap misses the Orb Guardian.
You block the Orb Guardian's attack.
You riposte.
You barely miss the Orb Guardian.
You headbutt the Orb Guardian, but do no damage.
Your tail-slap misses the Orb Guardian.
You barely miss the Orb Guardian.
You headbutt the Orb Guardian, but do no damage.
Your tail-slap misses the Orb Guardian.
The Orb Guardian hits you.
You slash the Orb Guardian!
You feel better.
You headbutt the Orb Guardian, but do no damage.
You tail-slap the Orb Guardian!
The Orb Guardian is poisoned.
The Orb Guardian is moderately wounded.
The Orb Guardian hits you but does no damage.
You slice the Orb Guardian!!
You feel better.
You headbutt the Orb Guardian!
The Orb Guardian is severely wounded.
You block the Orb Guardian's attack.
You slice the Orb Guardian!!
You feel better.
You tail-slap the Orb Guardian, but do no damage.
The Orb Guardian is almost dead.
The Orb Guardian hits you but does no damage.
Something engulfs the plant!
The plant begins to die.
Something bites the plant!
Something drains the plant.
You slice the Orb Guardian like a ripe choko!!!
You feel better.
You kill the Orb Guardian!
Okawaru accepts your kill.
Something engulfs the plant!
The plant begins to die.
Something bites the plant!
The Tzitzimitl engulfs the plant!!
The Tzitzimitl bites the plant!
There is a staircase leading out of the dungeon here.
You block the reaper's attack.
The Tzitzimitl engulfs the plant!
The Tzitzimitl drains the plant's vigour!
The Tzitzimitl bites the plant!
You have escaped! #.##.##########§§§# .....# PP.P

#§§§# .#####,
...1P♣#.§§#
...###
PPPP♣P#§#.#
##...#*
PPP..P#&#.#
##.##
P...♣.#§§.# #..#
..♣.♣P#.2.# #.##
.P.PPP#...# #.#
* PP..P.#.@.#
##.###
P.♣♣.♣#...#
#..#.#
.♣PP♣.#...#
#.##.#
..P.P.#...#
#....#
P.PPPP#.#.#
..##.#
.P.P♣♣#.#.#
####.# P♣.P
#...# # #.# P.
#...# #
#.##########...#


You could see Ututhuyr (clouds), a Tzitzimitl and a reaper.

Vanquished Creatures
  2 dread liches (Zot:5)
  Tiamat (Zot:1)
  5 ancient liches (Zot:5)
  6 orbs of fire
  Mara (Vaults:4)
  A juggernaut (Depths:2)
  Parghit (Depths:4)
  Vv (Depths:2)
  4 Killer Klowns (Zot:5)
  3 curse toes
  6 caustic shrikes
  Bai Suzhen (Swamp:2)
  8 golden dragons
  Nikola (Elf:3)
  5 electric golems
  17 tentacled monstrosities
  3 titans (Vaults:5)
  A Hell Sentinel (Zot:5)
  2 deep elf blademasters (Elf:3)
  5 liches
  2 walking divine tomes
  29 Orb Guardians
  2 deep elf master archers (Elf:3)
  Mlioglotl (Swamp:1)
  7 quicksilver dragons
  An Executioner (Depths:1)
  7 death cobs
  4 sphinxes
  Frances (Lair:3)
  A thorn hunter (Swamp:1)
  Kirke (Snake:2)
  An ancient champion (Depths:1)
  9 tengu reavers
  18 storm dragons
  12 shadow dragons
  Donald (Vaults:3)
  3 draconian monks
  A demonspawn warmonger (Depths:1)
  10 fire giants
  11 frost giants
  2 nagarajas
  6 draconian knights
  8 draconian scorchers
  7 deep elf sorcerers
  4 iron dragons
  A ghoul (Vaults:3)
  Louise (D:15)
  11 vault wardens
  A war gargoyle (Vaults:1)
  6 deep elf elementalists
  11 draconian shifters
  A ghost moth (Zot:2)
  A demonspawn corrupter (Depths:1)
  4 spriggan defenders
  4 draconian annihilators
  The ghost of Cofimnas the Cleaver, a journeyman FoFi of Okawaru (D:14)
  23 ironbound preservers
  34 very ugly things
  10 stone giants
  2 angels (Elf:2)
  6 draconian stormcallers
  4 ironbound thunderhulks
  6 green draconians
  2 vampire knights (Depths:2)
  2 deep elf demonologists (Elf:3)
  2 bunyips
  6 black draconians
  9 white draconians
  9 deep elf annihilators (Elf:3)
  19 spark wasps
  5 halazid warlocks (Desolation)
  23 purple draconians
  7 red draconians
  An eleionoma (Swamp:4)
  25 dire elephants
  The ghost of BadtimePacifist the Protected, a journeyman HOFi of Lugonu (Elf:2)
  9 statues (WizLab)
  7 deep elf death magi
  2 crystal guardians
  16 yellow draconians
  A jiangshi (Vaults:3)
  10 fire dragons
  A blizzard demon (Depths:2)
  An entropy weaver (Vaults:1)
  11 ettins
  A shambling mangrove (Swamp:3)
  The ghost of Darkkill the Fighter, a journeyman MiHu of Gozag (D:10)
  16 yaktaur captains
  23 vault guards (Vaults:5)
  Erolcha (D:11)
  6 great orbs of eyes
  4 ragged hierophants (Desolation)
  7 ice dragons
  12 servants of whispers (Desolation)
  6 deep elf high priests
  9 ironbound frosthearts
  6 peacekeepers
  8 hydras
  8 salamander tyrants
  9 anacondas
  3 boulder beetles
  A catoblepas (D:12)
  2 centaur warriors
  2 ogre magi
  8 alligators
  A ghost crab (Swamp:2)
  Erica (D:9)
  3 spriggan air magi
  24 dancing weapons
  2 two-headed ogres (shapeshifter)
  12 deep troll shamans
  4 tengu warriors
  5 two-headed ogres
  6 deep troll earth magi
  An orc high priest (Elf:1)
  5 spriggan berserkers
  Urug (Orc:1)
  17 hell knights
  6 naga sharpshooters
  12 naga warriors
  7 shock serpents
  6 thrashing horrors
  A shock serpent (shapeshifter) (Vaults:5)
  2 sixfirhies (Depths:2)
  10 deep elf knights
  A sun demon (Depths:2)
  7 iron trolls
  A death drake (Swamp:2)
  4 salamander mystics
  3 skysharks
  7 spriggan druids
  5 goliath frogs
  A glowing orange brain (Vaults:2)
  2 cherubim
  68 deep trolls
  2 flayed ghosts (Vaults:5)
  2 swamp dragons
  3 bog bodies
  A sea snake (shapeshifter) (Vaults:5)
  8 phantasmal warriors
  6 lindwurms
  8 orc knights
  An orange crystal statue (D:9)
  6 naga ritualists
  A harpy (D:10)
  9 deep elf archers
  11 wizards
  Pikel (D:4)
  9 necromancers
  7 mana vipers
  18 deep elf pyromancers
  5 cyclopes
  20 deep elf zephyrmancers
  11 orc sorcerers
  22 ironbound convokers
  38 ugly things
  6 salamanders
  5 will-o-the-wisps
  22 moths of wrath
  A worldbinder (Abyss:2)
  A manticore (shapeshifter) (Vaults:5)
  3 manticores
  An apocalypse crab (Abyss:2)
  14 naga magi
  13 vault sentinels
  2 water nymphs (shapeshifter)
  A rust devil (Zot:1)
  An orange demon (D:10)
  A gargoyle (D:12)
  12 guardian serpents
  A molten gargoyle (Lair:1)
  38 black mambas
  4 centaur skeletons (D:15)
  8 cane toads
  3 smoke demons
  5 rime drakes
  Psyche (D:8)
  3 freezing wraiths
  9 komodo dragons
  4 unseen horrors
  4 kobold demonologists
  An efreet (Depths:2)
  40 yaktaurs
  17 tengu conjurers
  An ice devil (Depths:2)
  A merfolk (shapeshifter) (Depths:2)
  2 ancient zymes (Lair:5)
  6 trolls
  A bloated husk (Swamp:2)
  A hellwing (D:1)
  A polar bear (shapeshifter) (Elf:1)
  A wolf spider simulacrum (D:15)
  3 tyrant leeches
  2 wind drakes (shapeshifter)
  16 hornets
  Prince Ribbit (D:9)
  3 polar bears
  14 blink frogs (Lair:5)
  66 saltlings (Desolation)
  3 raiju (Abyss:2)
  Sigmund (D:6)
  10 dream sheep
  3 air elementals
  A culicivora (shapeshifter) (Depths:2)
  21 spriggans
  A hog (shapeshifter) (Lair:5)
  39 slime creatures
  A vampire (D:8)
  4 water elementals
  3 shadows
  A golden eye (shapeshifter) (Vaults:5)
  3 fire elementals
  47 yaks
  4 wyverns
  A ynoxinul (Lair:5)
  4 hogs (Snake:2)
  A wraith (D:11)
  6 large abominations
  3 chaos spawn
  8 basilisks
  A neqoxec (Depths:2)
  14 vampire mosquitoes
  8 wargs (Orc:2)
  A redback (shapeshifter) (Vaults:5)
  37 nagas
  12 swamp worms
  A swamp worm (shapeshifter) (Vaults:5)
  An acid dragon (D:12)
  10 water moccasins
  10 small abominations
  36 orc warriors
  6 ice beasts
  2 sky beasts
  A black bear (Lair:3)
  A swamp drake (Swamp:1)
  7 ogres
  10 wolves
  2 centaurs (D:8)
  A phantom (D:6)
  12 kobold brigands
  5 bullfrogs
  4 gnoll sergeants
  2 earth elementals
  2 scorpions (D:5)
  9 wights
  8 killer bees
  A troll skeleton (D:10)
  7 electric eels
  5 spriggan skeletons (D:10)
  5 howler monkeys
  A lava snake (Lair:1)
  A quasit (Abyss:2)
  6 hounds
  19 orc priests
  2 jellies
  A sleepcap (D:8)
  2 iguanas (D:6)
  56 orc wizards
  Natasha (thrice) (D:4)
  A lightning spire (Zot:1)
  A boggart zombie (D:15)
  6 hell rats (D:6)
  Robin (D:2)
  12 adders
  13 gnolls
  23 river rats
  2 white imps
  2 ufetubi
  4 worms (Sewer)
  5 dart slugs (D:2)
  123 orcs
  12 endoplasms
  6 giant cockroaches
  20 goblins
  9 hobgoblins
  7 jackals
  4 quokkas
  11 ball pythons
  A bat (D:1)
  3 frilled lizards
  31 kobolds
  11 rats
2191 creatures vanquished.

Vanquished Creatures (others)
  A storm dragon (Zot:4)
  A fire giant (Depths:3)
  A red draconian (Zot:5)
  2 deep elf pyromancers
  An ogre (Vaults:5)
  A boggart (D:13)
  2 orc wizards (Orc:2)
  An orc (Orc:1)
  24 foxfires
  6 fungi
  16 plants
  2 withered plants (D:14)
58 creatures vanquished.

Grand Total: 2249 creatures vanquished

Notes
Turn   | Place    | Note
-------+----------+-------------------------------------------
     0 | D:1      | Zeldest the Armataur Fighter began the quest for the Orb.
     0 | D:1      | Reached XP level 1. HP: 19/19 MP: 1/1
   112 | D:1      | Reached XP level 2. HP: 26/26 MP: 2/2
   314 | D:1      | Reached XP level 3. HP: 32/33 MP: 3/3
   502 | D:2      | Noticed Robin
   516 | D:2      | Killed Robin
   517 | D:2      | Reached XP level 4. HP: 24/40 MP: 4/4
   921 | D:2      | Found a faded altar of an unknown god.
  1146 | D:3      | Found an iron altar of Okawaru.
  1146 | D:3      | Found a bloodstained altar of Trog.
  1378 | D:3      | Became a worshipper of Warmaster Okawaru
  1528 | D:3      | Reached XP level 5. HP: 42/49 MP: 5/5
  1775 | D:3      | Found a glowing drain.
  1779 | Sewer    | Entered a sewer
  1986 | Sewer    | Reached skill level 1 in Invocations
  2258 | Sewer    | Reached XP level 6. HP: 45/55 MP: 5/7
  2374 | Sewer    | Reached * piety under Okawaru
  2458 | Sewer    | Reached skill level 2 in Invocations
  3137 | D:4      | Identified the +5 ring mail of Dockom {+Blink rF+ Will++
                  | MP+9}
  3211 | D:4      | Noticed Pikel
  3234 | D:4      | Killed Pikel
  3234 | D:4      | Reached ** piety under Okawaru
  3235 | D:4      | Reached skill level 5 in Fighting
  3235 | D:4      | Reached skill level 5 in Axes
  3235 | D:4      | Reached skill level 3 in Invocations
  3235 | D:4      | Reached XP level 7. HP: 31/65 MP: 9/9
  3776 | D:4      | Noticed Natasha
  3781 | D:4      | Killed Natasha
  3951 | D:5      | Entered Level 5 of the Dungeon
  3976 | D:5      | Reached *** piety under Okawaru
  3977 | D:5      | Reached XP level 8. HP: 19/72 MP: 10/10
  4216 | D:5      | Reached skill level 4 in Invocations
  4330 | D:5      | Found a staircase to the Ecumenical Temple.
  4430 | D:5      | Found a stormy altar of Qazlal.
  4431 | D:5      | Found a shimmering altar of Xom.
  4433 | D:5      | Found a radiant altar of Vehumet.
  4433 | D:5      | Found a shimmering blue altar of Sif Muna.
  5346 | D:6      | Noticed Sigmund
  5354 | D:6      | Killed Sigmund
  5431 | D:6      | Reached skill level 5 in Invocations
  5437 | D:6      | Reached **** piety under Okawaru
  5438 | D:6      | Reached XP level 9. HP: 61/80 MP: 12/12
  5681 | D:4      | Noticed Natasha
  5685 | D:4      | Killed Natasha
  5927 | D:6      | Found the +2 ratskin cloak {*Rats rPois rN+ Str-1 Int-1
                  | Dex+1}
  6230 | D:7      | Reached skill level 6 in Invocations
  7028 | D:7      | Noticed a cyclops
  7035 | D:7      | Killed a cyclops
  7102 | D:7      | Reached XP level 10. HP: 74/92 MP: 14/14
  7404 | D:8      | Reached ***** piety under Okawaru
  7460 | D:8      | Reached skill level 7 in Invocations
  7462 | D:8      | Noticed Psyche
  7480 | D:8      | Killed Psyche
  7530 | D:8      | Found a flagged portal.
  7620 | Bailey   | Entered a bailey
  7894 | Bailey   | Received a gift from Okawaru
  8176 | Bailey   | Reached skill level 10 in Axes
  8233 | Bailey   | Noticed an orc knight
  8249 | Bailey   | Killed an orc knight
  8255 | Bailey   | Identified the staff of fire "Quwunt" {rF+ rC+ Str+2 Int+2}
  8824 | D:8      | Reached skill level 8 in Invocations
  9463 | D:9      | Reached XP level 11. HP: 101/101 MP: 17/17
  9504 | D:9      | Noticed Erica
  9515 | D:9      | Killed Erica
  9670 | D:9      | Found a runed translucent door.
  9677 | D:9      | Found a runed translucent door.
  9689 | D:9      | Found a runed translucent door.
  9715 | D:9      | Found a runed translucent door.
 10205 | D:9      | Noticed Prince Ribbit
 10210 | D:9      | Killed Prince Ribbit
 10211 | D:9      | Reached skill level 5 in Shields
 10256 | D:9      | Noticed an orange crystal statue
 10265 | D:9      | Noticed a two-headed ogre
 10266 | D:9      | Killed an orange crystal statue
 10330 | D:10     | Entered Level 10 of the Dungeon
 10338 | D:10     | Noticed a soul eater
 10339 | D:10     | Noticed a soul eater
 10349 | D:10     | Noticed a sun demon
 10349 | D:10     | Received a gift from Okawaru
 10483 | D:10     | Noticed an orc knight
 10483 | D:10     | Found a staircase to the Orcish Mines.
 10751 | D:10     | Killed an orc knight
 11061 | D:10     | Noticed a harpy
 11062 | D:10     | Noticed Darkkill's ghost (journeyman MiHu)
 11064 | D:10     | Noticed a two-headed ogre
 11146 | D:10     | Found a runed translucent gate.
 11146 | D:10     | Found a runed translucent gate.
 11148 | D:10     | Found a runed translucent gate.
 11246 | D:10     | Reached skill level 9 in Invocations
 11667 | D:10     | Found a staircase to the Lair.
 12145 | D:11     | Identified the +2 hand axe "Googost" {flame, Drain rPois
                  | Will+ Str+4}
 12254 | D:11     | Noticed a sixfirhy
 12258 | D:11     | Noticed Erolcha
 12267 | D:11     | Reached XP level 12. HP: 49/112 MP: 18/18
 12297 | D:11     | Killed Erolcha
 12558 | D:11     | Identified the +0 buckler of Emos Tal {rF+ rC+ rN+ rCorr}
 13920 | D:13     | Noticed a catoblepas
 13936 | D:12     | Killed a catoblepas
 13936 | D:12     | Received a gift from Okawaru
 14192 | D:13     | Noticed a two-headed ogre
 14204 | D:13     | Noticed an ogre mage
 14209 | D:13     | Killed a two-headed ogre
 14216 | D:13     | Killed an ogre mage
 14436 | D:13     | Noticed a two-headed ogre
 14611 | D:13     | Killed a two-headed ogre
 14626 | D:13     | Received a gift from Okawaru
 14644 | D:13     | Found a gate to the Vaults.
 14843 | D:13     | Identified the +3 quarterstaff of the Living Dead {distort,
                  | rC- rCorr Str-4 SInv}
 14890 | D:13     | Reached XP level 13. HP: 118/118 MP: 20/20
 15003 | D:13     | Found a burning altar of Makhleb.
 15006 | D:13     | Noticed a green death
 15946 | D:14     | Found a runed translucent door.
 15946 | D:14     | Noticed Cofimnas's ghost (journeyman FoFi)
 16135 | D:14     | Found a basalt altar of Yredelemnul.
 16173 | D:14     | Identified the +11 shadow dragon scales of Narcissism {rF+
                  | Str+5 Stlth++++} (Okawaru gifted it to you on level 14 of
                  | the Dungeon)
 16173 | D:14     | Received a gift from Okawaru
 16546 | D:15     | Entered Level 15 of the Dungeon
 16546 | D:15     | Noticed Louise
 16556 | D:15     | Killed Louise
 16628 | D:14     | Killed Cofimnas's ghost
 16629 | D:14     | Reached skill level 15 in Axes
 16873 | Abyss:2  | Cast into level 2 of the Abyss (a wizard)
 17207 | Abyss:3  | Found a corrupted altar of Lugonu.
 17255 | Abyss:3  | Noticed a starcursed mass
 17285 | D:15     | Escaped the Abyss
 17538 | Lair:1   | Entered Level 1 of the Lair of Beasts
 17571 | Lair:1   | Identified 2 scrolls of acquirement
 17608 | Orc:1    | Entered Level 1 of the Orcish Mines
 17608 | Orc:1    | Noticed Urug
 17608 | Orc:1    | Found Deagued's Antique Armour Shoppe.
 17625 | Orc:1    | Killed Urug
 17944 | Orc:2    | Entered Level 2 of the Orcish Mines
 18163 | Orc:2    | Paralysed by an orc sorcerer for 2 turns
 18195 | Orc:2    | Found Buoptups's Book Boutique.
 18195 | Orc:2    | Found Noonozux's Assorted Antiques.
 18211 | Orc:2    | Bought a coppery potion for 32 gold pieces
 18211 | Orc:2    | Bought a scroll of teleportation for 108 gold pieces
 18260 | Orc:2    | Found Niyru's Book Shoppe.
 18260 | Orc:2    | Found Jikiov's Antique Armour Boutique.
 18287 | Orc:2    | Bought a glowing cloak for 202 gold pieces
 18414 | Orc:2    | Found a staircase to the Elven Halls.
 18484 | Orc:2    | Received a gift from Okawaru
 19111 | Lair:1   | Identified the +1 chain mail of Pleasant Breezes {rF+
                  | Regen+ Int-2} (Okawaru gifted it to you on level 1 of the
                  | Lair of Beasts)
 19111 | Lair:1   | Received a gift from Okawaru
 19242 | Lair:1   | Reached XP level 14. HP: 126/126 MP: 21/21
 19695 | Lair:1   | Acquired the ring "Taub" {Ice rN+ Will+}
 19697 | Lair:1   | Acquired the +0 barding "Xeriuf" {Fly rElec}
 19706 | Lair:1   | Acquired 1215 gold pieces
 19949 | Lair:2   | Identified the +2 quarterstaff of the Vanishing Loafs
                  | {drain, Str+2}
 20611 | Lair:3   | Found a staircase to the Swamp.
 20703 | Lair:3   | Found a staircase to the Snake Pit.
 21988 | Lair:5   | Entered Level 5 of the Lair of Beasts
 22321 | Lair:5   | Received a gift from Okawaru
 22456 | Lair:5   | Reached skill level 5 in Armour
 22540 | Lair:5   | Found a staircase to the Slime Pits.
 22855 | Lair:5   | Reached skill level 10 in Fighting
 22890 | Lair:5   | Reached skill level 10 in Invocations
 22910 | Lair:5   | Reached skill level 10 in Shields
 22963 | Lair:5   | Received a gift from Okawaru
 23256 | Lair:5   | Reached XP level 15. HP: 46/134 MP: 22/22
 23625 | Lair:5   | Identified the +8 dire flail of Ysadd {antimagic, Will+
                  | Str+2 Dex-4}
 23754 | Lair:5   | Found a corrupted altar of Lugonu.
 23754 | Lair:5   | Found a one-way gate to the infinite horrors of the Abyss.
 24188 | Snake:1  | Entered Level 1 of the Snake Pit
 24841 | Snake:1  | Reached skill level 1 in Dodging
 25288 | Snake:1  | Identified the +4 barding "Xacs" {rN+ Dex+4} (Okawaru
                  | gifted it to you on level 1 of the Snake Pit)
 25288 | Snake:1  | Received a gift from Okawaru
 25293 | Snake:1  | Reached ****** piety under Okawaru
 25299 | Arena    | Entered the Arena
 25510 | Snake:1  | Noticed a nagaraja
 25528 | Snake:1  | Killed a nagaraja
 25585 | Snake:1  | Reached skill level 11 in Invocations
 26309 | Snake:2  | Noticed Kirke
 26319 | Snake:2  | Killed Kirke
 27046 | Snake:3  | Found Gukystecw's Jewellery Shoppe.
 27046 | Snake:3  | Found Waixoth's Jewellery Emporium.
 27048 | Snake:3  | Found Qioproymm's Antique Armour Shoppe.
 27052 | Snake:3  | Found Ukeat's Book Emporium.
 27055 | Snake:3  | Bought a ring of see invisible for 210 gold pieces
 27062 | Snake:3  | Bought the ring "Puebuf" {Ice rPois rCorr Int-2 SInv} for
                  | 710 gold pieces
 27324 | Snake:3  | Identified the +0 ring mail "Kekk" {Int+4} (Okawaru gifted
                  | it to you on level 3 of the Snake Pit)
 27324 | Snake:3  | Received a gift from Okawaru
 27331 | Snake:3  | Reached XP level 16. HP: 96/146 MP: 24/24
 27613 | Snake:4  | Entered Level 4 of the Snake Pit
 28436 | Snake:4  | Reached skill level 12 in Invocations
 28594 | Snake:4  | Noticed a quicksilver dragon
 28594 | Snake:4  | Noticed a quicksilver dragon
 28605 | Snake:4  | Killed a quicksilver dragon
 28606 | Snake:4  | Reached skill level 10 in Armour
 28607 | Snake:4  | Killed a quicksilver dragon
 28849 | Snake:4  | Got a serpentine rune of Zot
 28902 | Snake:4  | Reached skill level 5 in Dodging
 28905 | Snake:4  | Received a gift from Okawaru
 29281 | Swamp:1  | Entered Level 1 of the Swamp
 29281 | Swamp:1  | Noticed Frances
 29297 | Lair:3   | Killed Frances
 29444 | Swamp:1  | Noticed a thorn hunter
 29456 | Swamp:1  | Killed a thorn hunter
 29881 | Swamp:1  | Noticed Mlioglotl
 29888 | Swamp:1  | Killed Mlioglotl
 29928 | Swamp:1  | Received a gift from Okawaru
 30271 | Swamp:2  | Acquired the +2 cloak "Tuymoe" {*Slow +Blink Will++}
 30399 | Swamp:2  | Reached XP level 17. HP: 120/158 MP: 26/26
 30781 | Swamp:2  | Found a runed translucent door.
 30782 | Swamp:2  | Found a shimmering altar of Xom.
 30782 | Swamp:2  | Noticed Hily's ghost (journeyman FeSu)
 30945 | Swamp:3  | Reached skill level 15 in Shields
 31043 | Swamp:3  | Received a gift from Okawaru
 31099 | Swamp:3  | Noticed Bai Suzhen
 31193 | Swamp:2  | Killed Bai Suzhen
 31664 | Swamp:4  | Entered Level 4 of the Swamp
 31674 | Swamp:4  | Got a decaying rune of Zot
 32144 | Vaults:1 | Entered Level 1 of the Vaults
 32241 | Vaults:1 | Found a flickering gateway to a bazaar.
 32250 | Bazaar   | Entered a bazaar
 32264 | Bazaar   | Found Meaxzats's Magic Scroll Emporium.
 32269 | Bazaar   | Bought a scroll of blinking for 90 gold pieces
 32269 | Bazaar   | Bought a scroll of blinking for 90 gold pieces
 32293 | Bazaar   | Found Uront's Antique Weapon Emporium.
 32309 | Bazaar   | Found Mehoqir's Weapon Emporium.
 32309 | Bazaar   | Found Bumoephyxe's Distillery.
 32314 | Bazaar   | Bought a potion of heal wounds for 40 gold pieces
 32314 | Bazaar   | Bought a potion of haste for 80 gold pieces
 32314 | Bazaar   | Bought a potion of mutation for 64 gold pieces
 32356 | Bazaar   | Bought a potion of might for 32 gold pieces
 32422 | Bazaar   | Bought a scroll of fog for 48 gold pieces
 32422 | Bazaar   | Bought a scroll of fog for 48 gold pieces
 32422 | Bazaar   | Bought a scroll of fog for 48 gold pieces
 32727 | Vaults:1 | Reached skill level 13 in Invocations
 34001 | Vaults:2 | Received a gift from Okawaru
 34066 | Vaults:2 | Reached XP level 18. HP: 58/167 MP: 26/28
 34721 | Vaults:2 | Identified the +0 barding "Eluxzebo" {Drain rN+ Will+
                  | Int+3} (Okawaru gifted it to you on level 2 of the Vaults)
 34721 | Vaults:2 | Received a gift from Okawaru
 35647 | Vaults:3 | Identified the +0 plate armour "Piuseod" {-Cast *Slow rElec
                  | SInv}
 35665 | Vaults:3 | Found Waog's Book Shop.
 36200 | Vaults:3 | Found a staircase to the Crypt.
 36240 | Vaults:3 | Reached skill level 14 in Invocations
 36370 | Vaults:3 | Noticed Donald
 36595 | Vaults:3 | Identified the +1 barding of Suaro {rPois} (Okawaru gifted
                  | it to you on level 3 of the Vaults)
 36595 | Vaults:3 | Received a gift from Okawaru
 36674 | Vaults:3 | Acquired the +0 pair of fencer's gloves {Riposte Dex+3}
 36674 | Vaults:3 | Found the +0 pair of fencer's gloves {Riposte Dex+3}
 36762 | Vaults:3 | Killed Donald
 36788 | Vaults:3 | Reached XP level 19. HP: 79/178 MP: 27/29
 37079 | Vaults:3 | Found a runed translucent gate.
 37080 | Vaults:3 | Found a runed translucent gate.
 37080 | Vaults:3 | Found a runed translucent gate.
 37080 | Vaults:3 | Noticed Qecvurom's ghost (adept DrRe)
 37556 | Vaults:3 | Found a viscous altar of Jiyva.
 37826 | Vaults:4 | Noticed Mara
 38028 | Vaults:4 | Noticed Zeldest's illusion
 38032 | Vaults:4 | Killed Mara
 38225 | Vaults:4 | Identified the +7 war axe "Neisey" {flame, *Slow Str+3 SInv
                  | Stlth+} (Okawaru gifted it to you on level 4 of the Vaults)
 38225 | Vaults:4 | Received a gift from Okawaru
 38706 | Vaults:4 | Found Oggausysh's Antique Armour Shoppe.
 38806 | Vaults:4 | Found Ytyvveapt's Jewellery Boutique.
 38807 | Vaults:4 | Found Edoekucw's Distillery.
 38815 | Vaults:4 | Bought a potion of mutation for 168 gold pieces
 38815 | Vaults:4 | Bought a potion of curing for 63 gold pieces
 38815 | Vaults:4 | Bought a potion of attraction for 63 gold pieces
 38824 | Vaults:4 | Bought the ring of Zin, Inviting {rF+ Slay+3} for 936 gold
                  | pieces
 38884 | Vaults:4 | Found Vikocoax's Book Shop.
 38891 | Vaults:4 | Reached skill level 15 in Armour
 38896 | Vaults:4 | Identified the +0 scale mail "Tiwiev" {Contam rElec Regen+
                  | MP-9} (Okawaru gifted it to you on level 4 of the Vaults)
 38896 | Vaults:4 | Received a gift from Okawaru
 39046 | Vaults:4 | Found a runed translucent door.
 39046 | Vaults:4 | Noticed Vogeir's ghost (veteran HuIE)
 39062 | Vaults:4 | Acquired 882 gold pieces
 39450 | Elf:1    | Entered Level 1 of the Elven Halls
 39479 | Elf:1    | Reached skill level 15 in Invocations
 39668 | Elf:1    | Paralysed by an air elemental for 1 turns
 39866 | Elf:1    | Identified the +2 leather armour "Gocaekit" {rPois rN++
                  | Int-4 SInv}
 40571 | Elf:2    | Found a runed translucent door.
 40573 | Elf:2    | Noticed BadtimePacifist's ghost (journeyman HOFi)
 40590 | Elf:2    | Found a glowing silver altar of Zin.
 40616 | Elf:2    | Found a crumbling gateway.
 40618 | Elf:2    | Found a white marble altar of Elyvilon.
 40618 | Elf:2    | Found a glowing golden altar of the Shining One.
 40638 | Desolati | Entered the Desolation of Salt
 40694 | Desolati | Reached skill level 15 in Fighting
 40811 | Desolati | Identified the +0 war axe of Terra Nullius {vamp, rN+ Will+
                  | MP+9} (Okawaru gifted it to you in the Desolation of Salt)
 40811 | Desolati | Received a gift from Okawaru
 40821 | Desolati | Reached XP level 20. HP: 161/190 MP: 31/31
 41003 | Desolati | Identified the +3 scimitar "Ymulal" {venom, *Slow rElec
                  | Str+7 SInv}
 41013 | Desolati | Identified the ring "Lyhub" {Will+ Dex+5}
 41017 | Desolati | Got the Lectures on Familiar Intoxication
 41033 | Desolati | Identified the ring of the Oligarchy {*Corrode Fly rElec
                  | rC+ SInv}
 41095 | Desolati | Got the Lessons on the Smouldering Wyrd
 41103 | Desolati | Identified the +2 pair of boots "Hidgh" {Int+5}
 41121 | Desolati | Identified the +3 flail of Causality {flame, Fragile rPois
                  | Int+7 Dex+4}
 41138 | Desolati | Identified the ring of the Witching Fool {rCorr AC+4}
 41726 | Elf:2    | Received a gift from Okawaru
 41753 | Elf:2    | Found a runed translucent gate.
 41754 | Elf:2    | Found a runed translucent gate.
 41754 | Elf:2    | Found a runed translucent gate.
 41781 | Elf:2    | Reached skill level 10 in Dodging
 42059 | Elf:2    | Killed BadtimePacifist's ghost
 42209 | Elf:3    | Entered Level 3 of the Elven Halls
 42287 | Elf:3    | Identified the +1 pair of gloves of Darkness {rF- rN+++
                  | Int+4 Dex-2}
 42287 | Elf:3    | Noticed Nikola
 42296 | Elf:3    | Killed Nikola
 42471 | Elf:3    | Reached skill level 16 in Invocations
 42702 | Elf:3    | Identified the +0 robe of Sorcery {Harm rPois}
 42755 | Elf:3    | Found Vycuuv's Weapon Emporium.
 42756 | Elf:3    | Found Xoaziorph's Jewellery Shoppe.
 42761 | Elf:3    | Found Vaipavie's Antique Armour Emporium.
 42913 | Elf:3    | Identified the ring "Ziymp" {+Blink MP+9 EV+5 Dex+3 Stlth-}
 42919 | Elf:3    | Identified the +4 falchion of Syxtapt {spect, rCorr}
 42922 | Elf:3    | Identified the +2 broad axe of Rotation {spect, rC++}
                  | (Okawaru gifted it to you on level 3 of the Elven Halls)
 42922 | Elf:3    | Received a gift from Okawaru
 42941 | Elf:3    | Identified the ring "Caynez" {rC+ rN+ rCorr Int+3}
 43243 | Elf:3    | Identified the staff of poison "Yruec" {rPois Int+3 Dex+5}
 43245 | Elf:3    | Identified the staff of death "Utaippeff" {rN+ Will+}
 43249 | Elf:3    | Identified the +0 scale mail of Refuge {Int+3}
 43252 | Elf:3    | Identified the +0 pair of boots "Agouck" {rCorr}
 43257 | Elf:3    | Identified the +1 chain mail "Ygourghor" {Will++ Int+2}
 43923 | Orc:1    | Found a runed translucent door.
 44127 | D:10     | Killed Darkkill's ghost
 44471 | D:15     | Found a glowing golden altar of the Shining One.
 44494 | D:15     | Found a shadowy altar of Dithmenos.
 44511 | D:15     | Found a snail-covered altar of Cheibriados.
 44568 | D:15     | Reached XP level 21. HP: 145/187 MP: 33/33
 44796 | D:15     | Found Hihiel's General Store.
 44804 | D:15     | Bought a potion of curing for 42 gold pieces
 44804 | D:15     | Bought a potion of resistance for 140 gold pieces
 44804 | D:15     | Bought a scroll of magic mapping for 105 gold pieces
 44886 | D:15     | Found a staircase to the Depths.
 45086 | Depths:1 | Entered Level 1 of the Depths
 45116 | Depths:1 | Received a gift from Okawaru
 45161 | Depths:1 | Found Varph's Distillery.
 45165 | Depths:1 | Found a bloodstained altar of Trog.
 45239 | Depths:1 | Found a one-way gateway to a ziggurat.
 45426 | Depths:1 | Found a magical portal.
 45459 | WizLab   | Entered Iskenderun's Mystic Tower
 45907 | WizLab   | Got Iskenderun's Atlas of Conjuring
 46171 | Depths:1 | Bought a potion of curing for 57 gold pieces
 46171 | Depths:1 | Bought a potion of curing for 57 gold pieces
 46171 | Depths:1 | Bought 2 potions of mutation for 304 gold pieces
 46171 | Depths:1 | Bought a potion of haste for 190 gold pieces
 46173 | Depths:1 | Identified the +9 dagger of Vawigir {drain, Contam *Rage
                  | rPois rCorr}
 46205 | Depths:1 | Found Qyzox's Jewellery Boutique.
 46208 | Depths:1 | Found Nyrgh's Book Shoppe.
 46208 | Depths:1 | Found Fumot's Book Emporium.
 46208 | Depths:1 | Found Wuzo's Antique Armour Shoppe.
 46208 | Depths:1 | Found Nink's Weapon Boutique.
 46327 | Depths:1 | Found Big Baal Hell's Store.
 46330 | Depths:1 | Found a gateway to Hell.
 46398 | Depths:1 | Found Gozag's Platinum Reserve.
 46401 | Depths:1 | Found an opulent altar of Gozag.
 46622 | Depths:2 | Noticed a golden dragon
 46624 | Depths:2 | Reached skill level 17 in Invocations
 46628 | Depths:2 | Noticed a caustic shrike
 46633 | Depths:2 | Killed a golden dragon
 46633 | Depths:2 | Killed a caustic shrike
 46634 | Depths:2 | Noticed a caustic shrike
 46638 | Depths:2 | Identified the +1 robe of the Camelopard {rF+} (Okawaru
                  | gifted it to you on level 2 of the Depths)
 46638 | Depths:2 | Received a gift from Okawaru
 46898 | Depths:2 | Killed a caustic shrike
 47006 | Depths:2 | Identified the +0 spear "Armataur's Foe" {protect, *Rage
                  | rF+ rN++}
 47060 | Depths:2 | Noticed Vv
 47078 | Depths:2 | Killed Vv
 47392 | Depths:2 | Reached XP level 22. HP: 205/211 MP: 34/34
 47423 | Depths:2 | Noticed a juggernaut
 47429 | Depths:2 | Killed a juggernaut
 47809 | Depths:2 | Found an iron altar of Okawaru.
 48034 | Depths:2 | Found a one-way gate leading to the halls of Pandemonium.
 48134 | Depths:3 | Received a gift from Okawaru
 48251 | Depths:2 | Gained mutation: You occasionally shout uncontrollably at
                  | your foes. [potion of mutation]
 48251 | Depths:2 | Gained mutation: You are strong-willed. (Will+) [potion of
                  | mutation]
 48251 | Depths:2 | Gained mutation: Your mind is acute. (Int +4, Str/Dex -1)
                  | [potion of mutation]
 48252 | Depths:2 | Lost mutation: You occasionally shout uncontrollably at
                  | your foes. [potion of mutation]
 48252 | Depths:2 | Lost mutation: You are strong-willed. (Will+) [potion of
                  | mutation]
 48252 | Depths:2 | Lost mutation: Your mind is acute. (Int +4, Str/Dex -1)
                  | [potion of mutation]
 48252 | Depths:2 | Gained mutation: You have large cloven feet. [potion of
                  | mutation]
 48252 | Depths:2 | Gained mutation: Your system is resistant to poisons.
                  | (rPois) [potion of mutation]
 48252 | Depths:2 | Gained mutation: You have hoof-like feet. [potion of
                  | mutation]
 48253 | Depths:2 | Lost mutation: Your system is resistant to poisons. (rPois)
                  | [potion of mutation]
 48253 | Depths:2 | Lost mutation: You have hoof-like feet. [potion of
                  | mutation]
 48253 | Depths:2 | Lost mutation: You have large cloven feet. [potion of
                  | mutation]
 48253 | Depths:2 | Gained mutation: You possess an exceptional clarity of
                  | mind. [potion of mutation]
 48253 | Depths:2 | Gained mutation: Your tail ends in a venomous barb. [potion
                  | of mutation]
 48253 | Depths:2 | Gained mutation: A frigid envelope surrounds you and
                  | freezes all who hurt you. [potion of mutation]
 48253 | Depths:2 | Gained mutation: You are vulnerable to heat. (rF-) [potion
                  | of mutation]
 48253 | Depths:2 | Gained mutation: You are agile. (Dex +4, Str/Int -1)
                  | [potion of mutation]
 48253 | Depths:2 | Gained mutation: You have a somewhat thin skeletal
                  | structure. (Dex +2, Stealth+) [potion of mutation]
 48253 | Depths:2 | Gained mutation: You are partially covered in iridescent
                  | scales. (AC +2) [potion of mutation]
 48254 | Depths:2 | Lost mutation: You are partially covered in iridescent
                  | scales. (AC +2) [potion of mutation]
 48254 | Depths:2 | Lost mutation: A frigid envelope surrounds you and freezes
                  | all who hurt you. [potion of mutation]
 48254 | Depths:2 | Lost mutation: You are vulnerable to heat. (rF-) [potion of
                  | mutation]
 48254 | Depths:2 | Lost mutation: You have a somewhat thin skeletal structure.
                  | (Dex +2, Stealth+) [potion of mutation]
 48254 | Depths:2 | Gained mutation: Your system is resistant to poisons.
                  | (rPois) [potion of mutation]
 48254 | Depths:2 | Gained mutation: Your spells are a little harder to cast,
                  | but a little more powerful. [potion of mutation]
 48254 | Depths:2 | Gained mutation: You have a pair of small horns on your
                  | head. [potion of mutation]
 48333 | Depths:3 | Noticed a caustic shrike
 48334 | Depths:3 | Noticed a caustic shrike
 48342 | Depths:3 | Killed a caustic shrike
 48539 | Depths:3 | Reached skill level 18 in Invocations
 48541 | Depths:3 | Noticed a caustic shrike
 48544 | Depths:3 | Killed a caustic shrike
 48545 | Depths:3 | Received a gift from Okawaru
 48550 | Depths:3 | Killed a caustic shrike
 48663 | Depths:3 | Noticed a caustic shrike
 48676 | Depths:3 | Killed a caustic shrike
 48965 | Depths:3 | Found a portal to a secret trove of treasure.
 49054 | Depths:3 | Found Maodufes's Armour Shop.
 49084 | Depths:3 | Found a faded altar of an unknown god.
 49112 | Depths:3 | Found a corrupted altar of Lugonu.
 49508 | Depths:4 | Entered Level 4 of the Depths
 49592 | Depths:4 | Noticed Parghit
 49593 | Depths:4 | Noticed a golden dragon
 49601 | Depths:4 | Killed a golden dragon
 49647 | Depths:4 | Killed Parghit
 49835 | Depths:4 | Reached XP level 23. HP: 223/223 MP: 36/36
 49880 | Depths:4 | Identified the +7 steam dragon scales of Integrity {Will+}
                  | (Okawaru gifted it to you on level 4 of the Depths)
 49880 | Depths:4 | Received a gift from Okawaru
 50283 | Depths:4 | Found Fuce's Vocational Training.
 50291 | Depths:4 | Bought a manual of Invocations for 1840 gold pieces
 50566 | Depths:4 | Found a gate to the Realm of Zot.
 50739 | Depths:4 | Reached skill level 19 in Invocations
 51104 | Vaults:5 | Entered Level 5 of the Vaults
 51104 | Vaults:5 | Found the +27 heavy crossbow "Sniper" {heavy, Acc+∞ SInv}
 51104 | Vaults:5 | Found the macabre finger necklace {Finger+ rN+}
 51106 | Vaults:5 | Identified the amulet "Tim Sum" {Spirit rElec}
 51124 | Vaults:5 | Reached skill level 20 in Invocations
 51124 | Vaults:5 | Reached XP level 24. HP: 231/231 MP: 36/37
 51124 | Vaults:5 | Reached XP level 25. HP: 239/239 MP: 36/37
 51125 | Vaults:5 | Reached skill level 22 in Invocations
 51125 | Vaults:5 | Reached XP level 26. HP: 248/248 MP: 36/38
 51125 | Vaults:5 | Reached XP level 27. HP: 254/254 MP: 36/38
 51142 | Vaults:5 | Identified the +1 dagger "Beetlebane" {antimagic, rN+
                  | Will++}
 51145 | Vaults:5 | Identified the +9 shortbow of Dumpeizi {drain, *Corrode
                  | Will++}
 51154 | Vaults:5 | Found the +7 great mace "Firestarter" {flame, immolate,
                  | rFlCloud rF++}
 51325 | Vaults:5 | Identified the +7 sling of Memorch {antimagic, Will+ Dex+3}
 51338 | Vaults:5 | Found the +3 crown of Dyrovepreva {rElec Int+2 SInv}
 51608 | Vaults:5 | Reached skill level 23 in Invocations
 51633 | Vaults:5 | Identified the staff of poison "Kosmaeli" {rPois rN+ rCorr
                  | Dex+2}
 51729 | Vaults:5 | Got a silver rune of Zot
 51871 | Vaults:5 | Identified the +4 barding "Mawaigan" {*Slow rElec Regen+
                  | Stlth-} (Okawaru gifted it to you on level 5 of the Vaults)
 51871 | Vaults:5 | Received a gift from Okawaru
 52627 | Vaults:5 | Found Xumaut's Magic Scroll Emporium.
 52631 | Vaults:5 | Bought a scroll of blinking for 90 gold pieces
 52631 | Vaults:5 | Bought a scroll of teleportation for 36 gold pieces
 52631 | Vaults:5 | Bought a scroll of teleportation for 36 gold pieces
 52631 | Vaults:5 | Bought a scroll of brand weapon for 114 gold pieces
 52640 | Vaults:5 | Found Wiwkab's Magic Scroll Shop.
 52645 | Vaults:5 | Bought a scroll of magic mapping for 90 gold pieces
 52645 | Vaults:5 | Bought a scroll of fog for 48 gold pieces
 52645 | Vaults:5 | Bought a scroll of enchant armour for 90 gold pieces
 53063 | Zot:1    | Entered Level 1 of the Realm of Zot
 53191 | Zot:1    | You fall into a shaft and drop 1 floor!
 53345 | Zot:1    | Found the +4 dragonskin cloak
 53345 | Zot:1    | Noticed Tiamat
 53348 | Zot:1    | Reached skill level 24 in Invocations
 53387 | Zot:1    | Killed Tiamat
 53492 | Zot:1    | Noticed an orb of fire
 53503 | Zot:1    | Lost mutation: You possess an exceptional clarity of mind.
                  | [an orb of fire]
 53519 | Zot:1    | Killed an orb of fire
 53538 | Zot:1    | Identified the +1 barding of Gluttony {Will+ Str+2}
                  | (Okawaru gifted it to you on level 1 of the Realm of Zot)
 53538 | Zot:1    | Received a gift from Okawaru
 53550 | Zot:1    | Identified the +4 scale mail "Beseevir" {Dex+2 Stlth+}
 54335 | Zot:3    | Reached skill level 25 in Invocations
 55001 | Zot:4    | Noticed an orb of fire
 55007 | Zot:4    | Reached skill level 26 in Invocations
 55007 | Zot:4    | Gained mutation: Your magical capacity is low. (-10% MP)
                  | [an orb of fire]
 55013 | Zot:4    | Identified the +2 pair of gloves "Somytyrea" {Rampage rPois
                  | rF+ Str+3} (Okawaru gifted it to you on level 4 of the
                  | Realm of Zot)
 55013 | Zot:4    | Received a gift from Okawaru
 55018 | Zot:4    | Killed an orb of fire
 55045 | Zot:5    | Entered Level 5 of the Realm of Zot
 55378 | Zot:5    | Noticed an ancient lich
 55394 | Zot:5    | Noticed an orb of fire
 55397 | Zot:5    | Noticed an ancient lich
 55399 | Zot:5    | Gained mutation: You are weak. (Str -2) [an orb of fire]
 55415 | Zot:5    | Killed an ancient lich
 55416 | Zot:5    | Reached skill level 27 in Invocations
 55419 | Zot:5    | Gained mutation: Your magical capacity is very low. (-20%
                  | MP) [an orb of fire]
 55426 | Zot:5    | Lost mutation: You are agile. (Dex +4, Str/Int -1) [an orb
                  | of fire]
 55428 | Zot:5    | Killed an ancient lich
 55438 | Zot:5    | Killed an orb of fire
 55470 | Zot:5    | Noticed an ancient lich
 55475 | Zot:5    | Noticed an orb of fire
 55481 | Zot:5    | Killed an ancient lich
 55492 | Zot:5    | Gained mutation: You passively map a small area around you.
                  | [an orb of fire]
 55493 | Zot:5    | Killed an orb of fire
 55496 | Zot:5    | Noticed an orb of fire
 55507 | Zot:5    | Killed an orb of fire
 55507 | Zot:5    | Noticed an orb of fire
 55513 | Zot:5    | Noticed a dread lich
 55525 | Zot:5    | Killed an orb of fire
 55526 | Zot:5    | Killed a dread lich
 55528 | Zot:5    | Noticed an ancient lich
 55536 | Zot:5    | Noticed a dread lich
 55540 | Zot:5    | Killed an ancient lich
 55543 | Zot:5    | Killed a dread lich
 55544 | Zot:5    | Noticed an ancient lich
 55554 | Zot:5    | Killed an ancient lich
 55583 | Zot:5    | Got the Orb of Zot
 55605 | Zot:5    | Received a gift from Okawaru
 55932 | D:15     | Noticed Veen the pandemonium lord
 56225 | D:4      | Noticed Natasha
 56229 | D:4      | Killed Natasha
 56319 | D:1      | Noticed Ututhuyr the pandemonium lord
 56340 | D:$      | Escaped with the Orb!

Illustrated notes

Levels and vault maps discovered:
D:1:      minmay_arrival_arboretum_small, layout_rooms
D:2:      minmay_diamond_boxcup, layout_loops_ring,
          hellmonk_ecumenical_altar_leap_of_faith, kennysheep_generic_room_8,
          uniq_robin
D:3:      layout_basic, grunt_temple_overflow_bloody_war, gup_sewer_entry_bowl,
          minmay_puff
D:4:      layout_basic, chequers_serial_rivers_micro_c, uniq_pikel, uniq_natasha
D:5:      dreamdust_elfheim, layout_loops_corners, mainiacjoe_overflow_alcove_3,
          minmay_temple_entry_glass, hellmonk_bongcloud_opening
D:6:      wander_guarded_unrand_ratskin, layout_rooms, uniq_sigmund
D:7:      layout_rooms, serial_bayou, serial_bayou_pond_c,
          serial_bayou_lagoon_b, serial_bayou_shore_b, serial_bayou_pond_e,
          serial_bayou_pond_d, minmay_small_thing
D:8:      layout_basic, enter_bailey_5, minmay_manual_monstrance, uniq_psyche
D:9:      layout_basic, minmay_curled_crystal, minmay_statue_crystal_thing,
          uniq_erica, uniq_prince_ribbit1
D:10:     layout_roguey, erik_lair_island, david_orc_5, gammafunk_ghost_split,
          hangedman_tell_no_tales
D:11:     layout_basic, uniq_erolcha
D:12:     layout_roguey
D:13:     layout_cave_pods, hangedman_vaults_entry_quadrant_bands,
          makhleb_altar_promises_db
D:14:     layout_basic, hellmonk_ghost_happy_afterlife,
          yredelemnul_altar_generic, minivault_23
D:15:     grunt_enter_depths_magical_seal, layout_gridville, serial_shops,
          nicolae_shop_stone, serial_park_gazebo [serial_park_minivault_5x5_4],
          nicolae_tso_carved_into_rock, uniq_louise
Lair:1:   layout_gridlike, patterned_corridor, grunt_megastairs_3,
          serial_bayou_shore_b
Lair:2:   layout_small_grid, serial_bayou_shore_a, lemuel_fruit_fields
Lair:3:   layout_cave_pods, minmay_swamp_entry_swarm,
          minmay_snake_entry_guardpost_small
Lair:4:   layout_hall_layers, lemuel_fruit_tree
Lair:5:   hellmonk_lair_end_abyssal_woods, layout_cave_pods,
          dpeg_slime_entry_corner, nicolae_lair_grove_arrangements,
          nzn_sisyphean_effort
Swamp:1:  layout_basic_swamp, evilmike_swamp_ruin_house_1, uniq_frances,
          uniq_mlioglotl
Swamp:2:  layout_basic_swamp, ebering_ghost_xom, serial_swamp_ruin,
          evilmike_swamp_ruin_house_2, evilmike_swamp_ruin_rubble_1,
          evilmike_swamp_ruin_house_4
Swamp:3:  layout_basic_swamp, hangedman_swamp_cone, swamp_pool1, uniq_bai_suzhen
Swamp:4:  swamp_alternative, layout_basic_swamp, swamp_pool2,
          nicolae_swamp_well_well_well
Snake:1:  nicolae_snake_attic_fulla_snakes, layout_basic,
          statue_in_the_mist_lemuel, nicolae_snake_scaly_snakehead
Snake:2:  layout_grid_shapes, serial_bayou_shore_b, uniq_kirke
Snake:3:  layout_layer_cave, nicolae_snake_lava_pool, minmay_shoptagon
Snake:4:  hellmonk_snake_rune_quicksilver_temple, layout_basic
Orc:1:    layout_caves, serial_shops, nicolae_shop_crystal,
          lightli_church_of_beogh, uniq_urug
Orc:2:    st_orc_town, layout_diamond_mine
Elf:1:    minmay_elf_arrival_summoners, layout_gridlike,
          kennysheep_underground_church, serial_sigils_hangedman_snap,
          minivault_23, grunt_ministairs_2
Elf:2:    nicolae_elf_blades_crystal_corner, layout_geoelf_diagonals,
          portal_desolation_entry_holy_temple, ebering_ghost_reflecting_pool
Elf:3:    minmay_elf_hall_dome, layout_rooms, minivault_24, minmay_shop_star,
          uniq_nikola
Vaults:1: v_misc_9, ontoclasm_vaults_twist, hangedman_vaults_stagger,
          hangedman_vaults_slice, v_misc_28, vaults_room_grunt_arrival_ludios,
          vaults_dpeg_diagonal, grunt_vaults_diagonal, vaults_dpeg_hooks,
          layout_vaults_quadrants, serial_shops, freezing_bzr
Vaults:2: v_alt_pattern_6, vaults_dpeg_ring, nicolae_vaults_little_squares_6,
          grunt_vaults_hallway_long, ontoclasm_vaults_ring_small, v_pattern_5,
          nicolae_vaults_shelves_hall, v_misc_27, nicolae_vaults_little_ls,
          grunt_vaults_twisty, hangedman_vaults_corner, vaults_room_corners,
          ontoclasm_vaults_bender, vaults_room_semicircle, layout_vaults_omnibox
Vaults:3: gammafunk_ghost_ooze, minmay_crypt_entry_simple_walls,
          nicolae_vaults_mini_display_case, serial_ice_b,
          vaults_room_ringed_pool, vaults_room_mumra_shop_pool,
          vaults_standard_mumra_x, v_misc_32, grunt_vaults_funnel,
          nicolae_vaults_little_squares_5, ontoclasm_vaults_pinch,
          nicolae_vaults_little_squares_3, layout_vaults_big_room, serial_glass,
          uniq_donald
Vaults:4: ebering_ghost_inner_flame, ontoclasm_vaults_decontamination,
          vaults_standard_mumra_enter_the_diamond,
          nicolae_vaults_stairing_the_circle, vaults_mumra_lcd,
          nicolae_vaults_puzzle_piece, hangedman_vaults_capsules,
          ontoclasm_vaults_ring_small, v_misc_17,
          hangedman_vaults_stretched_pinwheel, grunt_vaults_focal, v_pattern_3,
          v_misc_2, nicolae_vaults_shelves_hall, layout_vaults_maze_bifur,
          serial_shops, shop, nicolae_shop_statue_plus,
          nicolae_shop_window_shopping, shop_fountains, uniq_mara
Vaults:5: serial_shops
Depths:1: layout_big_octagon, enter_ziggurat_a,
          nicolae_hell_entry_big_baal_hell, lightli_enter_wizlab_magi_temple,
          nicolae_gozag_zags_fifth_avenue, serial_shops, shop_statue,
          nicolae_wooded_promenade, bloody_trog
Depths:2: minmay_central_circle, layout_gridlike, rand_demon_pan_entry_1,
          hell_entry, lemuel_doored_altar, abyss_entry, uniq_vv
Depths:3: cheibrodos_spurs, layout_cave_pools, abyss_entry_flame_altar,
          hangedman_coc_ice_floe, trove_entry_hex_spiral, serial_shops,
          nicolae_shop_advertising_works [nicolae_subvault_shop_adworks],
          serial_column_ruins, column_ruins_portal_squares,
          column_ruins_temple_hut, column_ruins_hut,
          column_ruins_columns_straight, column_ruins_open_small,
          column_ruins_open_medium, column_ruins_grid_3, column_ruins_grid_1,
          minmay_misc_feat_tower
Depths:4: grunt_zot_entry_gee_three, layout_basic, grunt_hell_entry_dis_old,
          minmay_misc_feat_cross, chequers_serial_rivers_small_3,
          nicolae_shop_vocational, uniq_parghit
Zot:1:    kennysheep_six_static_rooms, layout_onion_interference,
          amethyst_zot_foddershock, grunt_megastairs_4, uniq_tiamat
Zot:2:    layout_gridlike, hangedman_zot_decor_scrapings, uniq_grunn
Zot:3:    layout_concentric_octagons
Zot:4:    layout_gridlike, st_single_dragon_hoard_2, nzn_random_ring
Zot:5:    layout_misc_corridors

Skill      XL: |  1  2  3  4  5  6  7  8  9 10 11 12 13 14 15 16 17 18 19 20 21 22 23 24 25 26 27 |
---------------+----------------------------------------------------------------------------------+-----
Axes           | 2 3 4 5 6 7 8 10 11 14 16 18 | 18.0
Fighting       | 3 4 5 6 7 8 9 10 11 12 13 14 15 16 17 18 20 | 20.1
Invocations    | 1 3 5 6 8 9 10 11 12 13 14 15 16 17 18 20 22 27 | 27.0
Shields        | 8 10 13 14 15 16 17 18 19 21 22 | 22.1
Armour         | 4 6 8 11 12 14 15 18 20 22 25 | 25.1
Dodging        | 3 5 7 8 9 10 11 | 11.5

Action                     |  1- 3 |  4- 6 |  7- 9 | 10-12 | 13-15 | 16-18 | 19-21 | 22-24 | 25-27 || total
---------------------------+-------+-------+-------+-------+-------+-------+-------+-------+-------++-------
  Melee: War axe           |    64 |   258 |    49 |       |       |       |       |       |       ||   371
         Tailslap          |     5 |    16 |    39 |    95 |   154 |   173 |   252 |   161 |   452 ||  1347
         Broad axe         |       |       |   250 |   714 |  1112 |   908 |   970 |   448 |  1182 ||  5584
         Headbutt          |       |       |       |       |       |       |       |   207 |   590 ||   797
         Unarmed           |       |       |       |       |       |       |       |       |     1 ||     1
 Invoke: Heroism           |       |       |     3 |     8 |     6 |    16 |    15 |     5 |     9 ||    62
         Finesse           |       |       |       |     1 |     2 |     1 |     1 |       |     2 ||     7
         Duel              |       |       |       |       |     1 |       |       |       |       ||     1
  Evoke: Wand              |       |       |     5 |     2 |       |       |       |     1 |       ||     8
         Tin of tremorston |       |       |       |     2 |       |       |       |       |       ||     2
         Condenser vane    |       |       |       |       |       |       |     1 |       |       ||     1
    Use: Scroll            |       |     5 |     6 |     9 |    20 |    12 |    13 |     2 |    12 ||    79
         Potion            |       |       |     1 |     3 |     6 |     1 |       |     8 |    15 ||    34
   Stab: Distracted        |       |       |       |       |     8 |    20 |    20 |     4 |     1 ||    53
         Sleeping          |       |       |       |       |    10 |    17 |    10 |     2 |       ||    39
         Invisible         |       |       |       |       |       |       |       |     3 |       ||     3
         Confused          |       |       |       |       |       |       |       |       |     1 ||     1
 Armour: Scale mail        |    12 |       |       |       |       |       |       |       |       ||    12
         Chain mail        |    16 |   128 |       |       |       |       |       |       |       ||   144
         Ring mail         |       |     4 |   180 |   464 |    35 |       |       |       |       ||   683
         Shadow dragon sca |       |       |       |       |   556 |   556 |   263 |   152 |    74 ||  1601
         Gold dragon scale |       |       |       |       |       |       |       |       |   296 ||   296
         Skin              |       |       |       |       |       |       |       |       |     1 ||     1
  Dodge: Dodged            |    18 |    72 |    90 |   196 |   101 |   153 |    96 |    77 |   140 ||   943
  Block: Buckler           |    17 |    40 |    30 |       |       |       |       |       |       ||    87
         Kite shield       |       |       |    50 |   357 |    87 |   654 |    73 |       |       ||  1221
         Reflection        |       |       |       |    13 |    39 |    41 |    49 |     9 |    59 ||   210
         Tower shield      |       |       |       |       |   899 |       |   600 |   555 |  1264 ||  3318
Riposte: Broad axe         |       |       |       |       |       |    14 |   219 |   174 |   410 ||   817

Table legend: (Time is in decaauts)
 A = Elapsed time spent in this place.
 B = Non-inter-level travel time spent in this place.
 C = Inter-level travel time spent in this place.
 D = Time resting spent in this place.
 E = Time spent auto-exploring this place.
 F = Levels seen in this place.
 G = Mean time per level.
                   A        B        C        D        E       F      G
               +--------+--------+--------+--------+--------+-----+--------+
         Total |  55645 |  51198 |   4447 |  13743 |  25041 |  55 | 1011.7 |
       Dungeon |  17797 |  15697 |   2100 |   4518 |   7936 |  15 | 1186.5 |
          Lair |   5843 |   5354 |    489 |   1223 |   3296 |   5 | 1168.6 |
         Swamp |   2312 |   2178 |    134 |    685 |    998 |   4 |  578.0 |
     Snake Pit |   4614 |   4387 |    227 |   1182 |   2268 |   4 | 1153.5 |
  Orcish Mines |   1741 |   1384 |    357 |    267 |    701 |   2 |  870.5 |
   Elven Halls |   3265 |   3064 |    201 |    730 |   1534 |   3 | 1088.3 |
        Vaults |   8539 |   8186 |    353 |   2479 |   3869 |   5 | 1707.8 |
        Depths |   5323 |   4806 |    517 |   1351 |   2117 |   4 | 1330.8 |
           Zot |   2408 |   2343 |     65 |     61 |   1311 |   5 |  481.6 |
         Abyss |    401 |    401 |      0 |    209 |      0 |   2 |  200.5 |
        Bazaar |    224 |    224 |      0 |      0 |     87 |   1 |  224.0 |
         Sewer |    837 |    837 |      0 |    225 |    398 |   1 |  837.0 |
        Bailey |    741 |    741 |      0 |    328 |    102 |   1 |  741.0 |
        Wizlab |    635 |    635 |      0 |    276 |    154 |   1 |  635.0 |
    Desolation |    935 |    935 |      0 |    194 |    269 |   1 |  935.0 |
         Arena |     24 |     24 |      0 |     13 |      0 |   1 |   24.0 |
               +--------+--------+--------+--------+--------+-----+--------+

Top non-repeatable levels by time:
    D:13: 2033 daAuts
Vaults:3: 1988 daAuts
  Lair:5: 1967 daAuts
    D:10: 1858 daAuts
Vaults:2: 1693 daAuts
 Snake:1: 1684 daAuts
     D:9: 1668 daAuts
Vaults:4: 1633 daAuts
Vaults:1: 1624 daAuts
Vaults:5: 1598 daAuts
  Lair:3: 1583 daAuts
Depths:2: 1553 daAuts
Depths:3: 1523 daAuts
   Elf:3: 1470 daAuts
 Snake:4: 1398 daAuts
